 Dungeon Crawl Stone Soup version 0.28-a0-1506-g3893175d92 (webtiles) character file.

Game seed: 16445824738128412650

25 croobank the Ruffian (level 2, 0/24 HPs)
             Began as a Draconian Transmuter on Jan 13, 2022.
             Slain by a gnoll (6 damage)
             ... on level 4 of the Dungeon.
             The game lasted 00:03:39 (801 turns).

croobank the Ruffian (Draconian Transmuter)          Turns: 801, Time: 00:03:40

Health: 0/24       AC:  4    Str: 12    XL:     2   Next: 86%
Magic:  4/5        EV: 12    Int: 13    God:
Gold:   39         SH:  0    Dex: 11    Spells: 2/5 levels left

rFire   . . .      SeeInvis .     - Unarmed
rCold   . . .      Faith    .   (no shield)
rNeg    . . .      Spirit   .   (armour unavailable)
rPois   .          Reflect  .   (helmet currently unavailable)
rElec   .          Harm     .   (no cloak)
rCorr   .          Rampage  .   (no gloves)
Will    +....                   (boots currently unavailable)
Stlth   +.........              d - amulet of regeneration
HPRegen 0.88/turn               j - ring of willpower
MPRegen 0.09/turn               (no ring)

@: appendages
A: horns 2, talons 2, AC +4, unfitting armour, cold-blooded
a: End Transformation


You were on level 4 of the Dungeon.
You had temporarily grown beastly horns and talons.
You visited 1 branch of the dungeon, and saw 3 of its levels.

You collected 39 gold pieces.

Inventory:

Missiles
 a - 60 stones
 b - 18 arrows
 e - 5 curare-tipped darts (quivered)
 f - 4 poisoned darts
Jewellery
 d - an amulet of regeneration (around neck)
 g - an amulet of regeneration
 j - a ring of willpower (left hand)
Scrolls
 c - 2 scrolls of identify {unknown}
Potions
 h - 2 potions of lignification {unknown}
 i - a potion of attraction {unknown}


   Skills:
 + Level 1.6 Fighting
 + Level 2.1 Dodging
 + Level 3.2 Unarmed Combat
 + Level 2.2 Spellcasting
 + Level 2.3 Transmutations


You had 2 spell levels left.
You knew the following spells:

 Your Spells              Type           Power      Damage    Failure   Level
a - Beastly Appendage     Tmut           14%        N/A       10%         1
b - Wereblood             Tmut           7%         N/A       14%         2

Your spell library contained the following spells:

 Spells                   Type           Power      Damage    Failure   Level
 Spider Form              Tmut/Pois      4%         N/A       43%         3
 Ice Form                 Ice/Tmut       4%         N/A       83%         4
 Borgnjor's Revivificati  Necr           0%         N/A       100%        8
 Necromutation            Tmut/Necr      2%         N/A       100%        8
 Death's Door             Necr           0%         N/A       100%        9


Dungeon Overview and Level Annotations

Branches:
Dungeon (2/15)

Altars:


Innate Abilities, Weirdness & Mutations

You have temporarily grown beastly horns and talons.
Your plain brown scales are hard. (AC +4)
You cannot fit into any form of body armour.
You are cold-blooded and may be slowed by cold attacks.


Message History

You hit the giant cockroach.
You headbutt the giant cockroach, but do no damage.
The giant cockroach is almost dead.
The giant cockroach bites you but does no damage.
You barely miss the giant cockroach.
The giant cockroach is almost dead.
The giant cockroach misses you.
You hit the giant cockroach.
You kill the giant cockroach!
Found an amethyst potion.
Your transformation is almost over.
Found a large golden ring.
Found a Necronomicon.
i - an amethyst potion Your horns disappear.
Your talons disappear.
j - a ring of willpower
j - a ring of willpower (left hand)
A gnoll comes into view. It is wielding a +0 spear.
You see here a Necronomicon.
You pick up a Necronomicon and begin reading...
You add the spells Borgnjor's Revivification, Necromutation and Death's Door to your library.
The gnoll shouts!
A centaur comes into view.
The centaur shouts!
Casting: Beastly Appendage (safe; 10% risk of failure)
Confirm with . or Enter, or press ? or * to list all spells.
You grow a pair of large bovine horns.
Your feet morph into talons.
The centaur wields a +0 shortbow.
The centaur shoots an arrow.
The arrow hits you!
The gnoll hits you from afar with a +0 spear.
The centaur shoots an arrow.
The arrow barely misses you. The gnoll misses you.
You closely miss the gnoll.
You headbutt the gnoll, but do no damage.
Your tail-slap misses the gnoll.
The gnoll hits you with a +0 spear.
You closely miss the gnoll. Your kick misses the gnoll.
Your headbutt misses the gnoll.
The centaur shoots an arrow.
The arrow hits you!
* * * LOW HITPOINT WARNING * * *
The gnoll hits you with a +0 spear.
You die...

### #.. #.. ###+
#.. ... #.. #.#
#..######.#######
#..c@g...........
#.#######.######
# ........#####
#######.....#
#.....# #.....#
#.....# #
#.....##.#
#........#


You could see a centaur and a gnoll.

Vanquished Creatures
  A worm (D:2)
  2 bats (D:1)
  2 endoplasms (D:1)
  2 giant cockroaches
  2 hobgoblins (D:1)
  2 jackals (D:1)
  A kobold (D:2)
  2 quokkas
  3 ball pythons
  2 rats
19 creatures vanquished.

Notes
Turn   | Place    | Note
-------+----------+-------------------------------------------
     0 | D:1      | croobank the Draconian Transmuter began the quest for the
                  | Orb.
     0 | D:1      | Reached XP level 1. HP: 16/16 MP: 3/3
   241 | D:1      | Reached XP level 2. HP: 23/23 MP: 3/5
   692 | D:2      | Learned a level 2 spell: Wereblood
   710 | D:2      | You fall into a shaft and drop 2 floors!
   797 | D:4      | Noticed a centaur
   801 | D:4      | Slain by a gnoll

Illustrated notes

Levels and vault maps discovered:
D:1:      kennysheep_arrival_forest, layout_basic, glass_columns_c
D:2:      layout_basic, basic_altar, ebering_ecumenical_altar_sacrificial
D:4:      layout_basic, minmay_temple_entry_glassed_door

Skill      XL: |  1  2 |
---------------+-------+-----
Dodging        | 2 |  2.1
Fighting       | |  1.6
Unarmed Combat | |  3.2
Spellcasting   | |  2.2
Transmutations | |  2.3

Action                   || total
-------------------------++-------
Melee: Unarmed           ||    50
       Headbutt          ||    10
       Kick              ||     8
       Tailslap          ||     3
 Cast: Beastly Appendage ||    17
 Stab: Sleeping          ||     1
Armor: Skin              ||    16
Dodge: Dodged            ||    46

Table legend: (Time is in decaauts)
 A = Elapsed time spent in this place.
 B = Non-inter-level travel time spent in this place.
 C = Inter-level travel time spent in this place.
 D = Time resting spent in this place.
 E = Time spent auto-exploring this place.
 F = Levels seen in this place.
 G = Mean time per level.
                   A        B        C        D        E       F      G
               +--------+--------+--------+--------+--------+-----+--------+
         Total |    798 |    768 |     30 |      0 |    522 |   3 |  266.0 |
       Dungeon |    798 |    768 |     30 |      0 |    522 |   3 |  266.0 |
               +--------+--------+--------+--------+--------+-----+--------+

Top non-repeatable levels by time:
     D:1: 641 daAuts
     D:4: 90 daAuts
     D:2: 66 daAuts
